 Dungeon Crawl Stone Soup version 0.20.1-1-g8b1a95d (webtiles) character file.

868 Lennu the Slasher (level 7, 0/60 HPs)
             Began as a Grey Draconian Fighter on July 13, 2017.
             Succumbed to a gnoll sergeant's poison
             ... on level 4 of the Dungeon.
             The game lasted 00:08:28 (4135 turns).

Lennu the Slasher (Grey Draconian Fighter)          Turns: 4135, Time: 00:08:28

Health: 0/60       AC: 11    Str: 19    XL:     7   Next: 73%
Magic:  8/8        EV: 12    Int:  8    God:
Gold:   112        SH: 10    Dex: 12    Spells: 8/8 levels left

rFire    + . .     SeeInvis .   a - +0 long sword
rCold    . . .     Gourm    .   b - +0 shield
rNeg     . . .     Faith    .   (armour unavailable)
rPois    .         Spirit   .   (helmet restricted)
rElec    .         Reflect  .   (no cloak)
rCorr    .         Harm     .   (no gloves)
MR       .....                  (no boots)
Stlth    ++........             (no amulet)
Regen    0.2/turn               (no ring)
MPRegen  0.2/turn               (no ring)

@: lethally poisoned (0 -> -24)
A: walk through water, unfitting armour, horns 1, fire resistance 1,
unbreathing, cold-blooded, AC +11
a: no special abilities


You were on level 4 of the Dungeon.
You were hungry.

You visited 1 branch of the dungeon, and saw 4 of its levels.

You collected 112 gold pieces.

Inventory:

Hand Weapons
 a - a +0 long sword (weapon)
Armour
 b - a +0 shield (worn)
Wands
 n - a wand of digging (11/24)
Scrolls
 e - a scroll of recharging
 g - a scroll of amnesia
 i - a scroll of remove curse {unknown}
 j - a scroll of enchant armour {unknown}
 k - 2 scrolls of teleportation {unknown}
 l - a scroll of enchant weapon {unknown}
Comestibles
 d - 2 bread rations
 f - 2 meat rations
 m - a royal jelly


   Skills:
 * Level 4.7 Fighting
 * Level 5.7 Long Blades
 * Level 4.4 Dodging
 + Level 1.4 Stealth
 * Level 5.0 Shields
 * Level 1.0 Spellcasting


You had 8 spell levels left.
You didn't know any spells.

Dungeon Overview and Level Annotations

Branches:
Dungeon (4/15)
 Temple: D:4-7

Altars:
Elyvilon
Fedhas
Kikubaaqudgha
Nemelex Xobeh
Ru
Vehumet
The Shining One

Annotations:
D:3 exclusion: oklob plant


Innate Abilities, Weirdness & Mutations

You can walk through water.
Your dull iron-grey scales are very hard. (AC +11)
You cannot fit into any form of body armour.
You can survive without breathing.
You are cold-blooded and may be slowed by cold attacks.
You have a pair of small horns on your head.
Your flesh is heat resistant. (rF+)


Message History

The gnoll sergeant is almost dead.
* * * LOW HITPOINT WARNING * * *
You feel very sick.
The gnoll sergeant hits you but does no damage.
You are more poisoned.
You block the gnoll sergeant's attack.
You hit the gnoll sergeant.
You kill the gnoll sergeant!
Your Spellcasting skill increases to level 1!
* * * LOW HITPOINT WARNING * * *
You feel very sick.
You slash the gnoll! You headbutt the gnoll.
The gnoll is almost dead.
* * * LOW HITPOINT WARNING * * *
You feel very sick. The gnoll hits you but does no damage.
You block the gnoll's attack. The gnoll misses you.
You closely miss the gnoll. Your headbutt misses the gnoll.
The gnoll is almost dead.
You die...

# ... .....###########
.....!.gg@....>#
.....#########.# ... #.# .
#########.# #.........#
#.######### #.#...#...#
#.#####.....#.#.#####
#######.......#.#...#.....#


You could see 2 gnolls.

Vanquished Creatures
  Grinder (D:3)
  Menkaure (D:4)
  Duvessa (D:4)
  A gnoll sergeant (D:4)
  Dowan (D:4)
  An orc priest (D:3)
  Jessica (D:2)
  2 orc wizards (D:3)
  Robin (D:3)
  6 gnolls
  5 adders
  2 oozes
  A worm (D:2)
  3 dart slugs (D:1)
  4 leopard geckos
  9 orcs (D:3)
  5 ball pythons
  7 bats
  2 giant cockroaches (D:2)
  12 goblins
  7 hobgoblins
  11 jackals
  10 kobolds
  3 quokkas
  8 frilled lizards
  6 rats
111 creatures vanquished.

Vanquished Creatures (others)
  4 fungi (D:3)
  A plant (D:3)
5 creatures vanquished.

Grand Total: 116 creatures vanquished

Notes
Turn   | Place    | Note
-------+----------+-------------------------------------------
     0 | D:1      | Lennu the Draconian Fighter began the quest for the Orb.
     0 | D:1      | Reached XP level 1. HP: 19/19 MP: 1/1
   284 | D:1      | Reached XP level 2. HP: 25/26 MP: 2/2
   677 | D:1      | Reached XP level 3. HP: 30/33 MP: 3/3
  1421 | D:2      | Reached XP level 4. HP: 15/40 MP: 4/4
  1806 | D:2      | Found a sacrificial altar of Ru.
  1948 | D:2      | Noticed Jessica
  1957 | D:2      | Killed Jessica
  2193 | D:3      | Found an ancient bone altar of Kikubaaqudgha.
  2198 | D:3      | Reached XP level 5. HP: 34/46 MP: 5/5
  2293 | D:3      | Reached skill level 1 in Stealth
  2509 | D:3      | Found a radiant altar of Vehumet.
  2540 | D:3      | Found a glowing golden altar of the Shining One.
  2811 | D:3      | Found a sparkling altar of Nemelex Xobeh.
  2842 | D:3      | Found a white marble altar of Elyvilon.
  2893 | D:3      | Found a sparkling altar of Nemelex Xobeh.
  2992 | D:3      | Noticed Robin
  3000 | D:3      | Gained mutation: You have a pair of small horns on your head. [potion of mutation]
  3000 | D:3      | Gained mutation: Your flesh is heat resistant. (rF+) [potion of mutation]
  3015 | D:3      | Killed Robin
  3015 | D:3      | Reached XP level 6. HP: 24/52 MP: 6/6
  3219 | D:3      | Found a blossoming altar of Fedhas.
  3350 | D:3      | Noticed an oklob plant
  3439 | D:4      | Noticed Menkaure
  3444 | D:4      | Killed Menkaure
  3679 | D:4      | Noticed Grinder
  3691 | D:3      | Killed Grinder
  3691 | D:3      | Reached skill level 5 in Long Blades
  3691 | D:3      | Your scales start taking on a dull iron-grey colour.
  3691 | D:3      | Reached XP level 7. HP: 49/60 MP: 7/7
  3691 | D:3      | Gained mutation: You can survive without breathing. [Grey Draconian growth]
  3771 | D:4      | Noticed Duvessa
  3773 | D:4      | Noticed Dowan
  3783 | D:4      | Killed Duvessa
  3802 | D:4      | Killed Dowan
  3802 | D:4      | Reached skill level 5 in Shields
  4133 | D:4      | Reached skill level 1 in Spellcasting
  4134 | D:4      | HP: 1/60 [poisoned by a gnoll sergeant]
  4135 | D:4      | Succumbed to a gnoll sergeant's poison

Skill      XL: |  1  2  3  4  5  6  7 |
---------------+----------------------+-----
Dodging        | 3 4 |  4.4
Fighting       | 4 |  4.7
Long Blades    | 3 5 |  5.7
Shields        | 4 5 |  5.0
Stealth        | 1 |  1.4
Spellcasting   | 1 |  1.0

Action                   |  1- 3 |  4- 6 |  7- 9 || total
-------------------------+-------+-------+-------++-------
Melee: Long sword        |    99 |   171 |    48 ||   318
       Tailslap          |     7 |    20 |     3 ||    30
       Headbutt          |       |    16 |    13 ||    29
  Use: Potion            |       |     4 |       ||     4
       Scroll            |       |       |     2 ||     2
 Stab: Sleeping          |       |     2 |       ||     2
  Eat: Chunk             |     2 |     7 |     1 ||    10
Armor: Skin              |    28 |    45 |    14 ||    87
Dodge: Dodged            |    42 |    79 |    22 ||   143
Block: Shield            |    58 |    89 |    27 ||   174
       Rpst.: Long sword |     8 |    29 |     5 ||    42
